 Dungeon Crawl Stone Soup version 0.21.1-1-g345015fe64 (webtiles) character file.

866248 DildoBatman the Petrodigitator (level 27, -1/214 HPs)
             Began as a Formicid Wizard on June 2, 2018.
             Was an Initiate of Gozag.
             Splashed by an acid blob's acid (5 damage)
             ... created by the Royal Jelly
             ... on level 5 of the Pits of Slime on June 4, 2018.
             The game lasted 11:56:16 (100157 turns).

DildoBatman the Petrodigitator (Formicid Wizard)  Turns: 100157, Time: 11:56:17

Health: -1/214     AC: 34    Str: 16 (18) XL:     27
Magic:  14/48      EV: 15    Int: 36 (38) God:    Gozag
Gold:   180        SH: 15    Dex: 11      Spells: 5/68 levels left

rFire    + + .     SeeInvis +   b - +8 halberd of the Heavens {drain, rN++ Int+4 Stlth-}
rCold    + + +     Gourm    .   f - +2 shield of Resistance {rF+ rC+ MR+}
rNeg     + + +     Faith    .   l - +4 troll leather armour
rPois    ∞         Spirit   .   (helmet unavailable)
rElec    +         Reflect  .   n - +4 dragonskin cloak
rCorr    +         Harm     .   K - +2 pair of gloves {Str+3}
MR       ++++.                  o - +1 pair of boots of Spite {Regen+ Int+4}
Stlth    ++++......             H - amulet of magic regeneration
HPRegen  1.25/turn              r - ring "Cuakeij" {rCorr +Blink}
MPRegen  0.56/turn              I - +5 ring of protection

@: icy armour, lich-form, corroded, slow
A: permanent stasis, dig shafts and tunnels, four strong arms, antennae 3, icy
blue scales 1, agile 1, clever 1
}: 5/15 runes: serpentine, barnacled, slimy, golden, abyssal
a: Dig, Shaft Self, End Transformation, Potion Petition, Call Merchant, Bribe
Branch, Renounce Religion


You were on level 5 of the Pits of Slime.
You worshipped Gozag.
Gozag was aware of your devotion.
You were not hungry.
You were a lich.
You visited 13 branches of the dungeon, and saw 60 of its levels.
You visited the Abyss 4 times.
You also visited: Ossuary, Volcano and Wizlab.

You collected 23288 gold pieces.
You spent 7157 gold pieces at shops.
You paid 15951 gold pieces to Gozag.

Inventory:

Hand Weapons
 b - the +8 halberd of the Heavens (weapon) {drain, rN++ Int+4 Stlth-}
   (You found it on level 2 of the Abyss)

   A truly terrible weapon, it drains the life of those it strikes.
   It affects your intelligence (+4).
   It greatly protects you from negative energy.
   It makes you less stealthy.
 c - the +11 hand axe "Zimint" {chop, rC- Str+2 Int+10 Stlth-}
   (You took it off a deep elf sorcerer on level 3 of the Elven Halls)

   It inflicts extra damage upon your enemies.
   It affects your strength (+2).
   It affects your intelligence (+10).
   It makes you vulnerable to cold.
   It makes you less stealthy.
Armour
 f - the +2 shield of Resistance (worn) {rF+ rC+ MR+}
   (You bought it in a shop on level 4 of the Depths)

   It protects you from fire.
   It protects you from cold.
   It affects your resistance to hostile enchantments.
 l - a +4 troll leather armour (worn)
 n - the +4 dragonskin cloak (worn)
   (You took it off Tiamat on level 1 of the Realm of Zot)
 o - the +1 pair of boots of Spite (worn) {Regen+ Int+4}
   (You acquired it on level 9 of the Dungeon)

   It affects your intelligence (+4).
   It increases your rate of regeneration.
 K - a +2 pair of gloves of strength (worn)
Magical Staves
 a - an uncursed staff of energy
Jewellery
 d - the amulet "Gyesoaw" {Gourm rPois rC- Int+4}
   (You found it on level 5 of the Pits of Slime)

   [amulet of the gourmand]

   It allows you to eat raw meat even when not hungry.
   It affects your intelligence (+4).
   It makes you vulnerable to cold.
   It protects you from poison.
 e - the ring "Beus" {*Slow rPois rN+ Stlth-}
   (You found it on level 5 of the Pits of Slime)

   [ring of loudness]

   It protects you from poison.
   It protects you from negative energy.
   It may slow you when you take damage.
   It makes you less stealthy.
 q - the ring of Ehoystrae {Ice +Fly rElec Dex-3 SInv}
   (You took it off a deep elf sorcerer on level 3 of the Elven Halls)

   [ring of ice]

   It enhances your ice magic.
   It affects your dexterity (-3).
   It makes you vulnerable to fire.
   It protects you from cold.
   It insulates you from electricity.
   It lets you see invisible.
   It lets you fly.
 r - the ring "Cuakeij" (left hand) {rCorr +Blink}
   (You found it on level 3 of the Tomb of the Ancients)

   [ring of resist corrosion]

   It lets you blink.
 y - the ring "Ekal" {rF+ MR+ Str+4}
   (You found it on level 4 of the Shoals)

   [ring of protection from magic]

   It affects your strength (+4).
   It protects you from fire.
   It affects your resistance to hostile enchantments.
 H - an amulet of magic regeneration (around neck)
 I - a +5 ring of protection (right hand)
 L - a +5 ring of slaying
 Q - the ring "Ereireke" {MR+ Int+2 Dex+5}
   (You found it on level 3 of the Tomb of the Ancients)

   [ring of intelligence]

   It affects your intelligence (+2).
   It affects your dexterity (+5).
   It affects your resistance to hostile enchantments.
Wands
 g - a wand of disintegration (50)
 B - a wand of scattershot (6)
 D - a wand of acid (36)
 P - a wand of clouds (6)
Scrolls
 x - 21 scrolls of remove curse
 z - 15 scrolls of identify
 C - 9 scrolls of magic mapping
 V - 5 scrolls of fog
Miscellaneous
 i - a phial of floods (inert)
 m - a lightning rod (inert)
 W - a lamp of fire (inert)
Comestibles
 v - 86 rations


   Skills:
 - Level 17.0 Fighting
 - Level 16.0 Polearms
   Level 2.0 Slings
 - Level 9.0 Armour
 - Level 7.0 Dodging
 - Level 12.0 Stealth
 - Level 16.0 Shields
 * Level 21.1 Spellcasting
   Level 7.0 Conjurations
 - Level 13.0 Hexes
 - Level 12.0 Charms
 - Level 12.0 Summonings
 - Level 18.0 Necromancy
 - Level 8.0 Translocations
 - Level 19.0 Transmutations
 - Level 12.0 Ice Magic
 * Level 11.3 Air Magic
 O Level 27 Earth Magic
   Level 13.0 Poison Magic
 * Level 22.3 Evocations


You had 5 spell levels left.
You knew the following spells:

 Your Spells              Type           Power        Failure   Level  Hunger
a - Borgnjor's Vile Clut  Necr/Erth      ########..   0%          5    N/A
b - Necromutation         Tmut/Necr      ########..   2%          8    N/A
c - Spectral Weapon       Hex/Chrm       #######.     0%          3    N/A
d - Ozocubu's Armour      Chrm/Ice       #######.     1%          3    N/A
e - Dispel Undead         Necr           ########     0%          5    N/A
f - Summon Mana Viper     Hex/Summ       #######.     1%          5    N/A
g - Lee's Rapid Deconstr  Erth           ########..   0%          5    N/A
h - Aura of Abjuration    Summ           #######...   1%          5    N/A
i - Shatter               Erth           ########..   2%          9    N/A
j - Silence               Hex/Air        #######...   1%          5    N/A
l - Regeneration          Chrm/Necr      ########..   0%          3    N/A
m - Swiftness             Chrm/Air       #######.     0%          2    N/A
n - Confuse               Hex            #######.     0%          3    N/A
z - Shroud of Golubria    Chrm/Tloc      #######...   1%          2    N/A

Dungeon Overview and Level Annotations

Branches:
Dungeon (15/15)            Temple (1/1) D:5            Lair (6/6) D:9
 Shoals (4/4) Lair:2        Snake (4/4) Lair:3        Slime (5/5) Lair:6
    Orc (2/2) D:11            Elf (3/3) Orc:2        Vaults (4/5) D:13
  Crypt (3/3) Vaults:3       Tomb (3/3) Crypt:3      Depths (5/5) D:15
    Zot (5/5) Depths:5

Altars:
Ashenzari
Cheibriados
Dithmenos
Elyvilon
Fedhas
Gozag
Hepliaklqana
Kikubaaqudgha
Makhleb
Nemelex Xobeh
Okawaru
Qazlal
Ru
Sif Muna
Trog
Uskayaw
Vehumet
Wu Jian
Xom
Yredelemnul
Zin
The Shining One
Jiyva

Shops:
D:13 *   D:15 }   Orc:1 !   Orc:2 =(%:!   Elf:3 :([%:   Shoals:1 (   Snake:1 [
Vaults:2 !   Vaults:4 [   Depths:1 ?   Depths:2 [([   Depths:4 [[[[(

Portals:
Hell: Depths:1 Depths:2 Depths:3 Depths:4 Depths:5
Abyss: Depths:3 Depths:4
Pandemonium: Depths:3 Depths:5
Ziggurat: Depths:4

Annotations:
Slime:5 Royal Jelly


Innate Abilities, Weirdness & Mutations

You cannot be hasted, slowed, berserked, paralysed or teleported.
You can dig through walls and to a lower floor.
Your four strong arms can wield two-handed weapons with a shield.
You have a pair of large antennae on your head. (SInv)
You are partially covered in icy blue scales. (AC +2)
You are agile. (Dex +2)
Your mind is acute. (Int +2)


Message History

You resist. The acid blob spits acid at you. The splash of acid hits you!
You are splashed with acid!
The acid burns!
You resist. The acid blob spits acid at you. The splash of acid hits you!
You are splashed with acid!
The acid burns!
You resist.
The acid blob jiggles.
The azure jelly jiggles.
The acid blob spits acid at you. The splash of acid hits you!
You are splashed with acid!
The acid burns!
You resist.
You die...
Your body crumbles into a pile of gold.

..............§§§$$......#
............$$§§§§§§.....#
................$$$......#
.............$..§J.J.....#
.............$.§§§.J.....###
...............JJ§.........# ##
..............$JJJ........## ..#
..#............J..........##...#
#####......$...L.............#
##) #..##?...................#.##
#:!$#.#.[:?.....................#
$:(##..#.%[(#..................##
|?}=##..)|.|$...................#
(|[#...#.()()...................#
!?#.....}.?(#...................#
###..............................
..............#..................


You could see the Royal Jelly, 4 acid blobs and 4 azure jellies.

Vanquished Creatures
  Tiamat (Zot:1)
  An orb of fire (Zot:4)
  Khufu (Tomb:3)
  Mara (Vaults:3)
  5 ancient liches
  The ghost of Fymir27 the Conqueror, a legendary MiBe of the Shining One (Zot:5)
  The ghost of Snarbu88 the Skullcrusher, a legendary GrFi of the Shining One (Tomb:3)
  42 greater mummies
  Boris (Tomb:3)
  Sojobo (Crypt:1)
  Xtahua (Crypt:1)
  Vashnia (Snake:2)
  Frederick (Crypt:3)
  Saint Roka (Vaults:2)
  2 Killer Klowns
  3 curse toes
  Bai Suzhen (Snake:3)
  2 caustic shrikes
  11 golden dragons
  6 bone dragons
  A hellephant (Abyss:1)
  15 tentacled monstrosities
  8 electric golems
  12 liches
  6 quicksilver dragons
  10 Orb Guardians (Zot:5)
  33 acid blobs
  A deep elf blademaster (Elf:2)
  35 tentacled starspawn
  2 deep elf master archers (Elf:3)
  An eldritch tentacle (Abyss:4)
  13 death cobs
  14 ancient champions
  10 storm dragons
  Agnes (Snake:3)
  3 Executioners
  6 sphinxes (Tomb:1)
  25 azure jellies
  4 daevas
  9 shadow dragons
  6 draconian monks
  5 revenants
  7 fire giants
  4 tengu reavers
  9 nagarajas
  The ghost of aliadon the Warrior, a journeyman OgBe of Trog (D:15)
  5 deep elf sorcerers
  Ilsuiw (Shoals:4)
  Aizul (Snake:1)
  12 draconian knights
  3 ghost moths
  9 ghouls
  3 curse skulls
  6 deep elf elementalists
  10 vault wardens
  11 draconian scorchers
  2 balrugs (Abyss:1)
  2 iron dragons
  3 cacodemons
  2 orc warlords
  4 draconian shifters
  7 draconian stormcallers
  8 draconian annihilators
  9 ironheart preservers
  20 stone giants
  20 very ugly things
  2 spriggan defenders (Depths:5)
  14 vampire knights
  5 deep elf demonologists (Elf:3)
  8 green draconians
  2 bennus (Tomb:1)
  2 lorocyprocas (Abyss:4)
  11 black draconians
  15 red draconians
  6 deep elf annihilators
  9 yellow draconians
  16 purple draconians
  A blizzard demon (Abyss:4)
  7 merfolk javelineers
  15 ettins
  7 eidola
  12 white draconians
  A crystal guardian (Vaults:4)
  18 jiangshi
  5 deep elf death magi
  24 mummy priests
  18 death oozes
  16 yaktaur captains
  11 merfolk impalers
  4 deep elf high priests (Elf:3)
  6 fire dragons
  9 ogre magi
  11 ice dragons
  7 hydras
  17 great orbs of eyes
  A quicksilver dragon skeleton (Crypt:3)
  9 naga warriors
  7 rakshasas
  24 vault guards
  4 spriggan air magi
  5 catoblepae
  4 merfolk avatars
  12 centaur warriors
  A spectral fire giant (Crypt:2)
  5 anacondas
  2 death knights
  2 merfolk aquamancers (Shoals:2)
  3 alligator snapping turtles (Shoals:4)
  60 death scarabs
  2 satyrs
  27 two-headed ogres
  12 death yaks
  71 small abominations
  7 deep troll shamans
  9 tengu warriors
  10 hell hogs (Abyss:1)
  8 deep troll earth magi
  8 vampire magi
  29 dancing weapons
  126 slime creatures
  16 naga sharpshooters
  11 shock serpents
  2 soul eaters
  3 spriggan berserkers
  A sun demon (Abyss:4)
  39 thrashing horrors
  6 orc high priests
  28 wretched stars
  Nergalle (Lair:3)
  2 fire crabs (Abyss:4)
  26 deep elf knights
  Sonja (D:15)
  6 hell knights
  34 skeletal warriors
  2 iron trolls
  2 titan skeletons
  A storm dragon zombie (Crypt:3)
  7 spatial maelstroms
  8 sixfirhies
  2 golden dragon zombies
  A storm dragon skeleton (Abyss:2)
  A swamp dragon (Abyss:4)
  A death drake (Abyss:2)
  4 salamander mystics
  4 unseen horrors
  6 naga ritualists
  7 flayed ghosts
  9 sea snakes
  An unseen horror (shapeshifter) (Depths:2)
  18 deep trolls
  Pikel (D:5)
  6 glowing orange brains
  7 wizards
  3 orange crystal statues
  2 shadow dragon zombies
  19 orc knights
  An obsidian statue (Zot:5)
  An anaconda skeleton (Crypt:3)
  16 deep elf archers
  3 iron dragon zombies
  15 harpies
  11 phantasmal warriors
  4 necromancers
  3 wolf spider zombies
  The ghost of Lavandula the Cleaver, a novice CeBe of Trog (D:7)
  19 ironbrand convokers
  A mana viper (shapeshifter) (Vaults:3)
  84 deep elf magi
  8 mana vipers
  9 fauns
  2 stone giant zombies
  5 oklob plants
  10 orc sorcerers
  8 cyclopes
  39 ugly things
  A fire giant skeleton (Crypt:2)
  A shining eye (shapeshifter) (Vaults:2)
  4 wolf spiders
  17 manticores
  16 shining eyes
  12 worldbinders
  An iron dragon skeleton (Crypt:1)
  15 salamanders
  68 starcursed masses
  A water nymph (shapeshifter) (Abyss:1)
  A rust devil (Abyss:1)
  25 moths of wrath
  18 vault sentinels
  A frost giant skeleton (Crypt:1)
  A shock serpent zombie (Crypt:1)
  8 merfolk sirens
  4 centaur zombies
  Maurice (D:9)
  2 molten gargoyles (Volcano)
  9 elephants
  7 apocalypse crabs
  12 naga magi
  23 smoke demons
  47 black mambas
  A black mamba (shapeshifter) (Vaults:3)
  A pale draconian zombie (Crypt:3)
  An ice statue (Abyss:4)
  4 eyes of devastation
  2 guardian serpents
  7 orange demons
  9 spiny frogs
  A white draconian zombie (Crypt:3)
  2 dire elephant skeletons
  8 water nymphs
  2 hellions
  2 gargoyles
  6 komodo dragons
  A rime drake (Lair:4)
  5 kobold demonologists
  2 tormentors
  69 yaktaurs
  10 freezing wraiths
  An iron troll zombie (Crypt:3)
  A demonic crawler (Abyss:3)
  3 ice devils
  2 red devils
  5 tengu conjurers
  4 efreet
  An elephant slug zombie (Crypt:2)
  11 hellwings
  42 guardian mummies
  2 hydra zombies
  A purple draconian skeleton (Crypt:1)
  47 merfolk
  A silent spectre (Abyss:1)
  3 polar bears (shapeshifter)
  24 ancient zymes
  A minotaur zombie (Crypt:1)
  The ghost of Peloso the Covered, an amateur MiFi (D:4)
  3 polar bears (Lair:5)
  An ettin zombie (Crypt:2)
  3 hornets
  5 wind drakes
  A troll (shapeshifter) (Depths:4)
  5 trolls
  A harpy skeleton (Abyss:1)
  70 large abominations
  77 raiju
  A tyrant leech (shapeshifter) (Abyss:1)
  A wind drake (shapeshifter) (Depths:2)
  A bog body (Crypt:1)
  A fire giant simulacrum (Crypt:3)
  9 snapping turtles
  A fire dragon zombie (Abyss:2)
  14 blink frogs
  A blink frog (shapeshifter) (Abyss:4)
  A meliai zombie (D:13)
  8 dream sheep
  18 hippogriffs
  Sigmund (D:6)
  3 ettin skeletons
  8 air elementals
  A fire dragon skeleton (Tomb:1)
  29 flying skulls
  23 water elementals
  A spriggan (shapeshifter) (Vaults:3)
  A spriggan (Depths:5)
  3 shadows
  2 ice dragon skeletons
  2 tarantellas (shapeshifter)
  6 wraiths
  7 vampires
  24 ynoxinuls
  41 yaks
  10 basilisks
  10 fire bats
  19 ushabtiu
  3 wyverns
  4 fire elementals
  A basilisk (shapeshifter) (Depths:3)
  13 golden eyes
  3 hungry ghosts
  13 neqoxecs
  8 spatial vortices
  A vampire mosquito (D:8)
  Grum (D:10)
  A deep troll zombie (Crypt:2)
  A glowing shapeshifter zombie (Crypt:1)
  7 wargs
  22 chaos spawn
  64 nagas
  A harpy simulacrum (Abyss:2)
  11 insubstantial wisps
  2 acid dragons (D:14)
  A faun skeleton (Crypt:2)
  A merfolk skeleton (Crypt:3)
  15 hell hounds
  13 water moccasins
  4 floating eyes
  19 porcupines
  A swamp drake (D:11)
  3 ice beasts
  57 orc warriors
  A sky beast (shapeshifter) (Vaults:3)
  A manticore zombie (Abyss:1)
  4 slaves
  A hornet zombie (D:13)
  An ice dragon simulacrum (Crypt:3)
  6 sky beasts
  4 snapping turtle zombies
  2 ettin simulacra
  14 eyes of draining
  A necrophage (Crypt:2)
  A phantom (D:2)
  An eye of draining (shapeshifter) (Vaults:2)
  A black bear (D:10)
  A hog zombie (Crypt:2)
  13 wolves
  5 boggarts
  21 ogres
  A swamp dragon skeleton (Abyss:1)
  18 centaurs
  16 crocodiles
  A yaktaur zombie (Crypt:2)
  A rime drake skeleton (Crypt:2)
  A gnoll sergeant (D:7)
  5 big kobolds
  13 earth elementals
  15 bullfrogs
  5 water moccasin zombies
  A troll zombie (Crypt:1)
  6 killer bees (D:11)
  5 scorpions
  A polar bear zombie (Crypt:3)
  A swamp dragon simulacrum (Crypt:3)
  2 howler monkeys
  14 wights
  8 electric eels
  A yak skeleton (Crypt:3)
  8 crimson imps
  7 lava snakes (Volcano)
  8 hounds
  7 quasits
  A yaktaur simulacrum (Vaults:1)
  9 jellies
  A bullfrog zombie (D:11)
  6 centaur skeletons
  A gnoll shaman (D:8)
  9 iron imps
  A jelly (shapeshifter) (Depths:1)
  6 bullfrog skeletons
  A black bear skeleton (Crypt:1)
  28 orc priests
  Natasha (thrice) (D:2)
  A human skeleton (Crypt:3)
  2 iguanas
  33 orc wizards
  18 worker ants
  A lightning spire (Zot:3)
  A big kobold zombie (Ossuary)
  A felid zombie (Crypt:1)
  An acid dragon zombie (Crypt:1)
  A human simulacrum (Abyss:2)
  2 hound zombies
  48 mummies
  A howler monkey zombie (Crypt:3)
  4 worker ant zombies
  9 gnolls
  A howler monkey skeleton (D:6)
  10 adders
  8 shadow imps
  8 white imps
  8 ufetubi
  3 oozes
  9 adder zombies (Ossuary)
  A halfling zombie (Crypt:2)
  A lava snake zombie (Crypt:2)
  3 adder skeletons
  8 worms
  7 leopard geckos
  122 orcs
  3 ball pythons
  9 bats
  A bat zombie (Crypt:3)
  3 giant cockroaches
  5 goblins (D:2)
  9 hobgoblins
  9 jackals
  30 kobolds
  6 quokkas
  6 frilled lizards
  2 gnoll zombies (Ossuary)
  3 hobgoblin zombies (Ossuary)
  A jackal skeleton (D:7)
  2 kobold zombies (Ossuary)
  2 leopard gecko skeletons
  An orc zombie (Ossuary)
  2 quokka skeletons (D:5)
  7 rats
  A rat skeleton (Crypt:3)
  2 crawling corpses (Elf:3)
  3 fungi
  3 lurking horrors
  9 plants
  41 starspawn tentacles
3740 creatures vanquished.

Vanquished Creatures (collateral kills)
  An orb of fire (Zot:5)
  A greater mummy (Tomb:1)
  A storm dragon (Zot:3)
  An azure jelly (Slime:5)
  A guardian mummy (Tomb:3)
5 creatures vanquished.

Vanquished Creatures (others)
  A lich (Tomb:2)
  A deep elf master archer (Elf:3)
  An eldritch tentacle (Abyss:4)
  A vampire knight (Depths:2)
  A spriggan air mage (Depths:4)
  12 death scarabs
  A deep elf knight (Vaults:2)
  A skeletal warrior (Tomb:2)
  A sea snake (Shoals:2)
  A phantasmal warrior (Abyss:4)
  3 yaktaurs (Depths:4)
  A ynoxinul (Abyss:4)
  A fire bat (Abyss:1)
  A golden eye (Abyss:4)
  A chaos spawn (Abyss:4)
  3 large abominations (Abyss:4)
  2 small abominations
  An ogre (Vaults:4)
  A crocodile (Lair:6)
  A quasit (Abyss:4)
  A hound (D:6)
  2 orc priests (Orc:2)
  An orc wizard (Orc:2)
  4 mummies
  An orc (Orc:2)
  A kobold (D:14)
  4 fungi
  3 lurking horrors
  22 plants
  76 spectral weapons
  62 starspawn tentacles
213 creatures vanquished.

Grand Total: 3958 creatures vanquished

Notes
Turn   | Place    | Note
-------+----------+-------------------------------------------
     0 | D:1      | DildoBatman the Formicid Wizard began the quest for the Orb.
     0 | D:1      | Reached XP level 1. HP: 13/13 MP: 4/4
     3 | D:1      | Reached skill level 1 in Conjurations
   380 | D:1      | Reached skill level 1 in Fighting
   380 | D:1      | Reached XP level 2. HP: 21/21 MP: 3/6
  1188 | D:2      | Reached XP level 3. HP: 24/27 MP: 0/7
  1192 | D:2      | Learned a level 2 spell: Slow
  1196 | D:2      | Learned a level 3 spell: Mephitic Cloud
  1303 | D:2      | Noticed Natasha
  1429 | D:2      | Found a sacrificial altar of Ru.
  2484 | D:2      | Reached XP level 4. HP: 31/34 MP: 0/8
  3604 | D:3      | Reached skill level 1 in Armour
  3898 | D:3      | Reached XP level 5. HP: 39/41 MP: 6/9
  4057 | D:3      | Reached skill level 1 in Evocations
  4309 | D:4      | Noticed Peloso's ghost (amateur MiFi)
  4979 | D:4      | Noticed a phantom
  4995 | D:4      | Reached XP level 6. HP: 47/47 MP: 3/10
  5132 | D:4      | Reached skill level 1 in Poison Magic
  5243 | D:4      | Noticed an ogre
  5353 | D:4      | Reached skill level 1 in Hexes
  5487 | D:4      | Reached skill level 1 in Air Magic
  5774 | D:4      | Killed an ogre
  5774 | D:4      | Reached XP level 7. HP: 52/52 MP: 7/11
  6092 | D:5      | Entered Level 5 of the Dungeon
  6537 | D:5      | Noticed a hungry ghost
  6840 | D:5      | Reached skill level 1 in Slings
  6889 | D:5      | Found a staircase to the Ecumenical Temple.
  6898 | Temple   | Entered the Ecumenical Temple
  7082 | Temple   | Became a worshipper of Sif Muna the Loreminder
  7589 | D:2      | Killed Natasha
  7589 | D:2      | Reached XP level 8. HP: 58/58 MP: 9/13
  7718 | D:2      | Noticed Natasha
  7728 | D:2      | Killed Natasha
  7789 | D:2      | Noticed Natasha
  7794 | D:2      | Killed Natasha
  8656 | D:6      | Noticed Sigmund
  8686 | D:6      | Killed Sigmund
  8786 | D:6      | Noticed Pikel
  8992 | D:5      | Killed Pikel
  8992 | D:5      | Reached * piety under Sif Muna
  8992 | D:5      | Reached XP level 9. HP: 29/65 MP: 5/15
  9599 | D:6      | Reached skill level 5 in Stealth
  9806 | D:7      | Found a glowing golden altar of the Shining One.
 10054 | D:7      | Noticed Lavandula's ghost (novice CeBe)
 10638 | D:7      | Reached skill level 5 in Poison Magic
 10726 | D:7      | Found a shimmering altar of Xom.
 10728 | D:7      | Found an iron altar of Okawaru.
 10729 | D:7      | Found a glowing golden altar of the Shining One.
 11093 | D:8      | Noticed an unseen horror
 11097 | D:8      | Noticed a wolf spider
 11111 | D:8      | Killed an unseen horror
 11111 | D:8      | Reached skill level 5 in Fighting
 11111 | D:8      | Reached skill level 1 in Polearms
 11111 | D:8      | Reached skill level 1 in Shields
 11111 | D:8      | Reached skill level 5 in Evocations
 11111 | D:8      | Reached XP level 10. HP: 59/74 MP: 9/16
 11116 | D:8      | Killed a wolf spider
 11116 | D:8      | Reached ** piety under Sif Muna
 11116 | D:8      | Reached skill level 5 in Hexes
 11147 | D:8      | Noticed a skeletal warrior
 11281 | D:8      | Found a sand-covered staircase.
 11289 | D:8      | Reached skill level 5 in Armour
 11327 | D:8      | Noticed a two-headed ogre
 11377 | D:8      | Killed a two-headed ogre
 11526 | Ossuary  | Entered an ossuary
 12540 | D:8      | Found a glowing silver altar of Zin.
 12703 | D:8      | Found a blossoming altar of Fedhas.
 12703 | D:8      | Found an ancient bone altar of Kikubaaqudgha.
 12860 | D:8      | Noticed Maurice
 13254 | D:8      | Found an opulent altar of Gozag.
 13697 | D:8      | Reached *** piety under Sif Muna
 13751 | D:9      | Reached XP level 11. HP: 53/81 MP: 11/17
 13764 | D:9      | Killed Maurice
 13814 | D:9      | Found a white marble altar of Elyvilon.
 13835 | D:9      | Noticed a two-headed ogre
 13870 | D:9      | Killed a two-headed ogre
 13880 | D:9      | Reached skill level 10 in Poison Magic
 13898 | D:9      | Found an ornate altar of the Wu Jian Council.
 13898 | D:9      | Found a bloodstained altar of Trog.
 14098 | D:9      | Found a staircase to the Lair.
 14188 | D:9      | Learned a level 5 spell: Venom Bolt
 14324 | D:10     | Entered Level 10 of the Dungeon
 14495 | D:10     | Reached **** piety under Sif Muna
 14588 | D:10     | Noticed Grum
 14595 | D:10     | Killed Grum
 14859 | D:10     | Noticed a two-headed ogre
 14873 | D:10     | Killed a two-headed ogre
 15162 | D:11     | Reached skill level 5 in Spellcasting
 15518 | D:11     | Found a staircase to the Orcish Mines.
 15580 | D:11     | Reached skill level 5 in Conjurations
 15638 | D:11     | Noticed a red ugly thing
 15655 | D:11     | Killed a red ugly thing
 15655 | D:11     | Reached XP level 12. HP: 72/88 MP: 10/19
 15696 | D:11     | Reached ***** piety under Sif Muna
 16374 | Orc:1    | Entered Level 1 of the Orcish Mines
 16387 | Orc:1    | Identified Sif Muna's Easy Wizardry (Sif Muna gifted it to you on level 1 of the Orcish Mines)
 16387 | Orc:1    | Received a gift from Sif Muna
 16413 | Orc:2    | Entered Level 2 of the Orcish Mines
 16523 | Orc:2    | Reached skill level 10 in Hexes
 16982 | Orc:2    | Learned a level 2 spell: Sublimation of Blood
 17278 | Orc:2    | Got a fine scimitar {flame}
 17280 | Orc:2    | Noticed a deep elf knight
 17289 | Orc:2    | Killed a deep elf knight
 17291 | Orc:2    | Identified the +6 scimitar "Utaluy" {flame, MR+} (You took it off a deep elf mage on level 2 of the Orcish Mines)
 17895 | Orc:2    | Noticed an orc high priest
 17938 | Orc:2    | Killed an orc high priest
 17963 | Orc:2    | Noticed an orc warlord
 18434 | Orc:2    | Killed an orc warlord
 18495 | Orc:2    | Found a staircase to the Elven Halls.
 18503 | Orc:2    | Reached skill level 5 in Shields
 18503 | Orc:2    | Reached XP level 13. HP: 93/93 MP: 9/22
 18508 | Orc:2    | Got a crude scimitar {slice}
 18546 | Orc:2    | Reached skill level 5 in Air Magic
 18685 | Orc:2    | Identified the +2 scimitar "Leviticus" {slice, SInv} (You took it off a deep elf mage on level 2 of the Orcish Mines)
 18763 | Orc:2    | Identified Sif Muna's Papyrus of Curses (Sif Muna gifted it to you on level 2 of the Orcish Mines)
 18763 | Orc:2    | Received a gift from Sif Muna
 19031 | Orc:2    | Reached skill level 1 in Necromancy
 19249 | Orc:2    | Found Meytaacvu's Antique Weapon Boutique.
 19249 | Orc:2    | Found Vagejez's Distillery.
 19251 | Orc:2    | Found Rafo Lig's Food Boutique.
 19251 | Orc:2    | Found Isexzat's Book Emporium.
 19262 | Orc:2    | Bought a potion of flight for 42 gold pieces
 19262 | Orc:2    | Bought a potion of curing for 42 gold pieces
 19264 | Orc:2    | Bought a book of Necromancy for 300 gold pieces
 19264 | Orc:2    | Bought a book of Battle for 400 gold pieces
 19270 | Orc:2    | Learned a level 3 spell: Spectral Weapon
 19274 | Orc:2    | Learned a level 3 spell: Regeneration
 19280 | Orc:2    | Learned a level 5 spell: Borgnjor's Vile Clutch
 19324 | Orc:2    | Found Wittemu's Jewellery Emporium.
 19436 | Orc:1    | Found Egyt's Distillery.
 19526 | Orc:1    | Bought a potion of heal wounds for 75 gold pieces
 19526 | Orc:1    | Bought a potion of invisibility for 120 gold pieces
 19673 | Orc:1    | Reached skill level 1 in Earth Magic
 20140 | Lair:1   | Entered Level 1 of the Lair of Beasts
 20180 | Lair:1   | Reached skill level 1 in Charms
 20232 | Lair:1   | Reached skill level 2 in Earth Magic
 20353 | Lair:1   | Reached skill level 3 in Earth Magic
 20511 | Lair:1   | Found a dark tunnel.
 20524 | Volcano  | Entered a volcano
 20561 | Volcano  | Reached skill level 4 in Earth Magic
 20996 | Volcano  | Found a burning altar of Makhleb.
 21414 | Volcano  | Noticed a stone giant
 21540 | Volcano  | Killed a stone giant
 21871 | Volcano  | Identified Sif Muna's Papyrus of Creative Black Rituals (Sif Muna gifted it to you in a volcano)
 21871 | Volcano  | Received a gift from Sif Muna
 21871 | Volcano  | Reached skill level 5 in Earth Magic
 22050 | Lair:1   | Reached XP level 14. HP: 84/101 MP: 20/23
 22419 | Lair:1   | Reached skill level 5 in Necromancy
 22534 | Lair:1   | Reached skill level 6 in Earth Magic
 23293 | Lair:2   | You fall through a shaft!
 23968 | Lair:2   | Reached skill level 7 in Earth Magic
 23994 | Lair:2   | Found a staircase to the Shoals.
 24569 | Lair:3   | Noticed Nergalle
 24869 | Lair:3   | Found a staircase to the Snake Pit.
 24983 | Lair:3   | Killed Nergalle
 25124 | Lair:3   | Reached skill level 8 in Earth Magic
 25536 | Lair:4   | Reached skill level 9 in Earth Magic
 26815 | Lair:5   | Reached XP level 15. HP: 106/106 MP: 18/26
 27142 | D:7      | Killed Lavandula's ghost
 27142 | D:7      | Identified Sif Muna's Compendium of Enchantment (Sif Muna gifted it to you on level 7 of the Dungeon)
 27142 | D:7      | Received a gift from Sif Muna
 27148 | D:7      | Learned a level 3 spell: Confuse
 27262 | D:4      | Killed Peloso's ghost
 27697 | Lair:1   | Reached skill level 10 in Earth Magic
 28173 | Lair:6   | Entered Level 6 of the Lair of Beasts
 28753 | Lair:6   | Reached skill level 11 in Earth Magic
 29107 | Lair:6   | Reached skill level 12 in Earth Magic
 29201 | Lair:6   | Identified Sif Muna's Collected Works on Feathery Damage Dealing (Sif Muna gifted it to you on level 6 of the Lair of Beasts)
 29201 | Lair:6   | Received a gift from Sif Muna
 29307 | Lair:6   | Identified Vehumet's Compendium of Conjuration
 29547 | Lair:6   | Found a staircase to the Slime Pits.
 30044 | D:9      | Learned a level 5 spell: Silence
 30852 | D:13     | Reached skill level 10 in Spellcasting
 30852 | D:13     | Reached skill level 10 in Necromancy
 30852 | D:13     | Reached XP level 16. HP: 82/113 MP: 18/30
 30898 | D:13     | Found a gate to the Vaults.
 31134 | D:13     | Learned a level 2 spell: Swiftness
 31415 | D:13     | Identified Sif Muna's Grimoire of Ghastly Flight (Sif Muna gifted it to you on level 13 of the Dungeon)
 31415 | D:13     | Received a gift from Sif Muna
 31476 | D:13     | Found Xiciucum's General Store.
 32849 | D:15     | Entered Level 15 of the Dungeon
 32905 | D:15     | Noticed Sonja
 32911 | D:15     | Killed Sonja
 33087 | D:15     | Noticed aliadon's ghost (journeyman OgBe)
 33216 | D:15     | Found Oxeak's Gadget Emporium.
 33725 | Snake:1  | Entered Level 1 of the Snake Pit
 33729 | Snake:1  | Noticed Aizul
 33833 | Shoals:1 | Entered Level 1 of the Shoals
 33833 | Shoals:1 | Found Zapamo's Antique Weapon Shop.
 33841 | Shoals:1 | Bought a crude great sword for 253 gold pieces
 33842 | Shoals:1 | Identified the +7 great sword of Reinforcement {venom, +Rage} (You bought it in a shop on level 1 of the Shoals)
 34028 | Shoals:1 | Reached skill level 5 in Polearms
 35311 | Shoals:2 | Received a gift from Sif Muna
 35610 | D:9      | Identified 2 scrolls of acquirement
 35615 | D:9      | Got a pair of crude boots
 35626 | D:9      | Identified the +1 pair of boots of Spite {Regen+ Int+4} (You acquired it on level 9 of the Dungeon)
 35627 | D:9      | Got a scorched plate armour
 35638 | D:9      | Identified the +6 plate armour "Ikyiv" {rPois Str+4 Dex-3} (You acquired it on level 9 of the Dungeon)
 35717 | D:9      | Gained mutation: Your mind is acute. (Int +2) [potion of mutation]
 35717 | D:9      | Gained mutation: You are agile. (Dex +2) [potion of mutation]
 35717 | D:9      | Gained mutation: You are partially covered in icy blue scales. (AC +2) [potion of mutation]
 35896 | Shoals:2 | Reached XP level 17. HP: 120/120 MP: 21/31
 37682 | Shoals:3 | Reached skill level 5 in Charms
 38516 | Shoals:4 | Entered Level 4 of the Shoals
 38706 | Shoals:4 | Got a faintly humming chain mail
 38746 | Shoals:4 | Identified the +4 chain mail of the Pit {rElec rPois rF- rN+++} (You found it on level 4 of the Shoals)
 38831 | Shoals:4 | Got a barnacled rune of Zot
 38916 | Shoals:4 | Noticed Ilsuiw
 38949 | Shoals:4 | Killed Ilsuiw
 39237 | Shoals:4 | Reached XP level 18. HP: 113/129 MP: 15/32
 39407 | Shoals:4 | Reached skill level 13 in Earth Magic
 39514 | Shoals:4 | Reached skill level 10 in Shields
 39552 | Shoals:4 | Identified Sif Muna's Grimoire of Damaging Execration (Sif Muna gifted it to you on level 4 of the Shoals)
 39552 | Shoals:4 | Received a gift from Sif Muna
 39871 | Shoals:4 | Got a scintillating amber ring
 39873 | Shoals:4 | Identified the ring "Ekal" {rF+ MR+ Str+4} (You found it on level 4 of the Shoals)
 39965 | Shoals:4 | Reached skill level 10 in Stealth
 40020 | Shoals:4 | Learned a level 5 spell: Summon Mana Viper
 40737 | Snake:1  | Reached ****** piety under Sif Muna
 40742 | Snake:1  | Killed Aizul
 41182 | Snake:1  | Found Kenexzewn's Armour Boutique.
 41994 | Snake:2  | Noticed Vashnia
 42101 | Snake:2  | Killed Vashnia
 42393 | Snake:2  | Identified Sif Muna's Almanac of Sinister Arts (Sif Muna gifted it to you on level 2 of the Snake Pit)
 42393 | Snake:2  | Received a gift from Sif Muna
 42609 | Snake:3  | Noticed Agnes
 42650 | Snake:3  | Killed Agnes
 42810 | Snake:3  | Reached skill level 5 in Summonings
 42825 | Snake:3  | Reached XP level 19. HP: 129/134 MP: 18/34
 42860 | Snake:3  | Noticed Bai Suzhen
 42878 | Snake:3  | Killed Bai Suzhen
 43630 | Snake:4  | Entered Level 4 of the Snake Pit
 43875 | Snake:4  | Found an iron altar of Okawaru.
 43939 | Snake:4  | Received a gift from Sif Muna
 44724 | Snake:4  | Got a serpentine rune of Zot
 44926 | Snake:4  | Reached skill level 15 in Shields
 44949 | Snake:4  | Reached XP level 20. HP: 123/141 MP: 13/36
 45307 | D:15     | Killed aliadon's ghost
 45419 | D:15     | Found a snail-covered altar of Cheibriados.
 45707 | D:15     | Found a staircase to the Depths.
 45957 | D:9      | Learned a level 5 spell: Aura of Abjuration
 46089 | Elf:1    | Entered Level 1 of the Elven Halls
 46328 | Elf:1    | Got a scorched trident {pierce}
 46349 | Elf:1    | Identified the +1 trident of Fixation {pierce, Str+2} (You took it off a deep elf mage on level 1 of the Elven Halls)
 46460 | Elf:1    | Found a radiant altar of Vehumet.
 46665 | Elf:1    | Identified Sif Muna's Incunabulum of Dark Shape Shifting (Sif Muna gifted it to you on level 1 of the Elven Halls)
 46665 | Elf:1    | Received a gift from Sif Muna
 46743 | Elf:1    | Identified the Handbook of Confrontation
 48014 | Elf:2    | Found a runed gate.
 48014 | Elf:2    | Found a runed gate.
 48015 | Elf:2    | Found a runed gate.
 48162 | Elf:2    | Reached skill level 5 in Dodging
 48589 | Elf:3    | Entered Level 3 of the Elven Halls
 48589 | Elf:3    | Found Luzxaor's Book Shop.
 48778 | Elf:3    | Found Quastro's Food Shop.
 48941 | Elf:3    | Found Micet's Book Shoppe.
 48951 | Elf:3    | Reached XP level 21. HP: 149/149 MP: 20/37
 48989 | Elf:3    | Found Gecountost's Weapon Emporium.
 49259 | Elf:3    | Found Xunocot's Antique Armour Emporium.
 49850 | Elf:3    | Received a gift from Sif Muna
 49988 | Elf:3    | Got an ancient silver ring
 49992 | Elf:3    | Got a pitted hand axe {chop}
 50031 | Elf:3    | Identified the +11 hand axe "Zimint" {chop, rC- Str+2 Int+10 Stlth-} (You took it off a deep elf sorcerer on level 3 of the Elven Halls)
 50041 | Elf:3    | Identified the ring of Ehoystrae {Ice +Fly rElec Dex-3 SInv} (You took it off a deep elf sorcerer on level 3 of the Elven Halls)
 50133 | Elf:3    | Got a jewelled halberd {chop}
 50136 | Elf:3    | Identified the +8 halberd of Prudence {chop, rF+ Stlth+} (You took it off a deep elf death mage on level 3 of the Elven Halls)
 50315 | Elf:3    | Got a bloodstained scimitar {slice}
 50321 | Elf:3    | Identified the +1 scimitar "Mopof" {slice, Str+3} (You took it off a deep elf annihilator on level 3 of the Elven Halls)
 50326 | Elf:3    | Got an ichor-stained robe
 50346 | Elf:3    | Identified the +2 robe of Ubego {rPois Dex+3} (You took it off a deep elf annihilator on level 3 of the Elven Halls)
 50574 | D:9      | Learned a level 1 spell: Beastly Appendage
 50910 | Elf:3    | Got an ichor-stained short sword
 50953 | Elf:3    | Got a distressingly furry plate armour
 51002 | Elf:3    | Found the +3 crown of Dyrovepreva {rElec Int+2 SInv}
 51034 | Elf:3    | Identified the +4 short sword of Luplat {flame, MR+ Stlth+} (You found it on level 3 of the Elven Halls)
 51045 | Elf:3    | Identified the +2 plate armour of Fortitude {rF+ rC+ MR- Slay+2} (You found it on level 3 of the Elven Halls)
 52092 | Vaults:1 | Entered Level 1 of the Vaults
 52625 | Vaults:1 | Reached skill level 1 in Transmutations
 52820 | Vaults:1 | Reached XP level 22. HP: 159/159 MP: 34/38
 53115 | Vaults:1 | Identified Sif Muna's Further Progress in Thaumaturgy (Sif Muna gifted it to you on level 1 of the Vaults)
 53115 | Vaults:1 | Received a gift from Sif Muna
 53549 | Vaults:1 | Got a pair of polished boots
 53560 | Vaults:1 | Identified the +2 pair of boots "Cunier" {*Drain rElec MR++ SInv} (You acquired it on level 1 of the Vaults)
 53696 | Vaults:1 | Reached skill level 10 in Fighting
 54429 | Vaults:2 | Noticed Saint Roka
 54446 | Vaults:2 | Killed Saint Roka
 54446 | Vaults:2 | Reached skill level 10 in Evocations
 54607 | Vaults:2 | Reached skill level 10 in Polearms
 54641 | Vaults:2 | Reached skill level 5 in Transmutations
 54951 | Vaults:2 | Identified Sif Muna's Incunabulum of the Displaced Entourage (Sif Muna gifted it to you on level 2 of the Vaults)
 54951 | Vaults:2 | Received a gift from Sif Muna
 55503 | Vaults:2 | Found Cudin's Distillery.
 55589 | Vaults:2 | Got a crude chain mail
 55601 | Vaults:2 | Identified the cursed +0 chain mail of Supple Strength {rElec Int+4} (You took it off an orc on level 2 of the Vaults)
 55709 | Vaults:3 | Noticed Mara
 55737 | Vaults:3 | Noticed DildoBatman's illusion
 55821 | Vaults:3 | Noticed DildoBatman's illusion
 55821 | Vaults:3 | Killed Mara
 55821 | Vaults:3 | Reached XP level 23. HP: 165/165 MP: 23/40
 56253 | Vaults:3 | Identified Sif Muna's Guide on Displaced Arcane Weapons (Sif Muna gifted it to you on level 3 of the Vaults)
 56253 | Vaults:3 | Received a gift from Sif Muna
 56543 | Vaults:3 | Found a staircase to the Crypt.
 56595 | Vaults:3 | Reached skill level 10 in Transmutations
 57501 | Vaults:4 | Reached skill level 15 in Polearms
 57643 | Vaults:4 | Found Yckibbih's Antique Armour Emporium.
 57963 | Vaults:4 | Identified Sif Muna's Compendium of Supportive Self-Improvement (Sif Muna gifted it to you on level 4 of the Vaults)
 57963 | Vaults:4 | Received a gift from Sif Muna
 58383 | Vaults:4 | Reached XP level 24. HP: 163/172 MP: 33/40
 58395 | Vaults:4 | Got a distressingly furry shield
 58406 | Vaults:4 | Identified the +0 shield "Hyapp" {Dex+2} (You acquired it on level 4 of the Vaults)
 58698 | Vaults:4 | Bought a shimmering scale mail for 423 gold pieces
 58709 | Vaults:4 | Identified the +2 scale mail of Wu Jian's Pride {Dex+4} (You bought it in a shop on level 4 of the Vaults)
 58863 | Depths:1 | Entered Level 1 of the Depths
 58922 | Depths:1 | Identified Sif Muna's Collected Works on Fetching Earth (Sif Muna gifted it to you on level 1 of the Depths)
 58922 | Depths:1 | Received a gift from Sif Muna
 59826 | Depths:1 | Got an ichor-stained ring mail
 59832 | Depths:1 | Found a snail-covered altar of Cheibriados.
 59877 | Depths:1 | Found a gateway to Hell.
 59965 | Depths:1 | Found Jashrika's Magic Scroll Shop.
 60082 | D:15     | Identified the +5 ring mail of Ennac {rC- MR+ Int+6} (You found it on level 1 of the Depths)
 60451 | Depths:2 | Identified Sif Muna's Guide on Black Secrets and Weightlessness (Sif Muna gifted it to you on level 2 of the Depths)
 60451 | Depths:2 | Received a gift from Sif Muna
 60869 | Depths:2 | Reached skill level 15 in Transmutations
 61256 | Depths:2 | Found Ynaum's Weapon Emporium.
 61365 | Depths:2 | Got a bound iron ring
 61410 | Depths:2 | Identified the ring of Moderation {*Tele MR+} (You found it on level 2 of the Depths)
 61421 | Depths:2 | Received a gift from Sif Muna
 61467 | Depths:2 | Found Deorech's Armour Emporium.
 61472 | Depths:2 | Got a smelly ring mail
 61572 | Depths:2 | Identified the cursed +0 ring mail "Bono" {-Tele Int+3 SInv} (You found it on level 2 of the Depths)
 61600 | Depths:2 | Got a scorched copper ring
 61660 | Depths:2 | Found Unga's Antique Armour Emporium.
 61670 | Depths:2 | Bought a translucent leather armour for 224 gold pieces
 61670 | Depths:2 | Bought a transparent robe for 182 gold pieces
 61670 | Depths:2 | Bought a pair of embroidered gloves for 240 gold pieces
 61670 | Depths:2 | Bought a glowing cloak for 240 gold pieces
 61690 | Depths:2 | Identified the cursed +0 leather armour "Etaw" {rC+ rN++ MP+9 Str-5} (You bought it in a shop on level 2 of the Depths)
 61725 | Depths:2 | Identified the +2 robe of Daffodils {Str+4 Dex+2} (You bought it in a shop on level 2 of the Depths)
 61740 | Depths:2 | Noticed a caustic shrike
 61747 | Depths:2 | Killed a caustic shrike
 61755 | Depths:2 | Got an ichor-stained falchion
 61771 | Depths:2 | Identified the +3 falchion "Wushramegh" {drain, rC+ Stlth+} (You found it on level 2 of the Depths)
 61776 | Depths:2 | Identified the ring of Ergha Imiasko {*Tele rC+ Dex+4} (You took it off a vampire knight on level 2 of the Depths)
 61799 | Depths:2 | Reached XP level 25. HP: 146/177 MP: 31/40
 61814 | Depths:2 | Got a twitching jade ring
 61830 | Depths:2 | Identified the ring "Eshriulau" {*Tele Stlth+} (You took it off a vampire mage on level 2 of the Depths)
 61873 | Depths:1 | Learned a level 2 spell: Ensorcelled Hibernation
 62010 | Depths:3 | Found a one-way gate to the infinite horrors of the Abyss.
 62061 | Depths:3 | Reached skill level 1 in Ice Magic
 62092 | Depths:3 | Reached skill level 15 in Necromancy
 62650 | Depths:3 | Reached skill level 5 in Ice Magic
 62793 | Depths:3 | Found a one-way gate leading to the halls of Pandemonium.
 62847 | Depths:3 | Received a gift from Sif Muna
 62848 | Depths:3 | Identified Sif Muna's Almanac of Enhancements (Sif Muna gifted it to you on level 3 of the Depths)
 62850 | Depths:3 | Got a warped leather armour
 62914 | Depths:3 | Noticed a caustic shrike
 62924 | Depths:3 | Killed a caustic shrike
 63204 | Depths:3 | Found a shimmering altar of Xom.
 63619 | Depths:4 | Found a gateway to a ziggurat.
 64365 | Depths:4 | Identified Sif Muna's Disquisition on Shape Shifting (Sif Muna gifted it to you on level 4 of the Depths)
 64365 | Depths:4 | Received a gift from Sif Muna
 64365 | Depths:4 | Reached skill level 10 in Ice Magic
 64599 | Depths:1 | Identified the cursed +1 leather armour of Moral Flaws {Int+7} (You found it on level 3 of the Depths)
 64741 | Depths:5 | Entered Level 5 of the Depths
 65148 | Depths:5 | Reached XP level 26. HP: 184/184 MP: 31/40
 65311 | Depths:5 | Found a gate to the Realm of Zot.
 65318 | Depths:5 | Received a gift from Sif Muna
 65361 | Depths:5 | Learned a level 3 spell: Ozocubu's Armour
 66261 | Depths:1 | Learned a level 8 spell: Necromutation
 66267 | Depths:1 | Learned a level 5 spell: Dispel Undead
 66268 | Depths:1 | Fell from the grace of Sif Muna
 66449 | D:8      | Became a worshipper of Gozag Ym Sagoz the Greedy
 66453 | D:8      | You fall through a shaft!
 66456 | D:9      | You fall through a shaft for 2 floors!
 66459 | D:11     | You fall through a shaft!
 66462 | D:12     | You fall through a shaft for 2 floors!
 66465 | D:14     | You fall through a shaft!
 66592 | Crypt:1  | Entered Level 1 of the Crypt
 66877 | Crypt:1  | Noticed Xtahua
 66921 | Crypt:1  | Killed Xtahua
 66997 | Crypt:1  | Noticed Sojobo
 67008 | Crypt:1  | Killed Sojobo
 67230 | Crypt:1  | Got a spiked plate armour
 67500 | Crypt:1  | Identified the +5 plate armour of Calculation {+Blink rPois Regen+ MP-9} (You found it on level 1 of the Crypt)
 67839 | Crypt:2  | Got a faintly glowing scimitar {slice}
 68770 | Crypt:2  | Identified the +2 scimitar "Qoasuad" {slice, +Fly MR+++ Str-5 SInv} (You took it off a skeletal warrior on level 2 of the Crypt)
 68841 | Crypt:2  | Found an ancient bone altar of Kikubaaqudgha.
 69092 | Crypt:3  | Entered Level 3 of the Crypt
 69189 | Crypt:3  | Reached XP level 27. HP: 190/190 MP: 25/41
 69239 | Crypt:3  | Found a magical portal.
 69252 | WizLab   | Entered Wucad Mu's Monastery
 69447 | WizLab   | Found the +9 staff of Wucad Mu {channel}
 69856 | Crypt:3  | Reached skill level 15 in Spellcasting
 69925 | Crypt:3  | Found an ancient bone altar of Kikubaaqudgha.
 69925 | Crypt:3  | Found a basalt altar of Yredelemnul.
 70029 | Crypt:3  | Found the +9 sword of Zonguldrok {reap}
 70039 | Crypt:3  | Identified the Almanac of Feathers
 70048 | Crypt:3  | Got a crude bone amulet
 70057 | Crypt:3  | Identified the amulet of Fiecs {Gourm rPois Int+4 Slay-2 SInv} (You found it on level 3 of the Crypt)
 70071 | Crypt:3  | Got a faintly glowing dagger
 70072 | Crypt:3  | Identified the +6 dagger of Suicidal Tendencies {vamp, Dex+4} (You found it on level 3 of the Crypt)
 70665 | Crypt:3  | Noticed Frederick
 70675 | Crypt:3  | Killed Frederick
 71021 | Crypt:3  | Found a staircase to the Tomb.
 71455 | Crypt:3  | Was forgiven by Sif Muna
 71688 | Depths:1 | Learned a level 5 spell: Lee's Rapid Deconstruction
 71885 | Tomb:1   | Entered Level 1 of the Tomb of the Ancients
 72156 | Tomb:1   | Noticed a greater mummy
 72181 | Tomb:1   | Killed a greater mummy
 72191 | Tomb:1   | Noticed a greater mummy
 72210 | Tomb:1   | Killed a greater mummy
 72647 | Tomb:1   | Noticed a greater mummy
 72647 | Tomb:1   | Noticed a greater mummy
 72654 | Tomb:1   | Noticed a greater mummy
 72655 | Tomb:1   | Killed a greater mummy
 72656 | Tomb:1   | Killed a greater mummy
 72658 | Tomb:1   | Noticed a greater mummy
 72662 | Tomb:1   | Noticed a greater mummy
 72675 | Tomb:1   | Killed a greater mummy
 72675 | Tomb:1   | Killed a greater mummy
 72844 | Tomb:1   | Killed a greater mummy
 72930 | Tomb:1   | Noticed a greater mummy
 72938 | Tomb:1   | Killed a greater mummy
 72981 | Tomb:1   | Noticed a greater mummy
 72982 | Tomb:1   | Noticed a greater mummy
 72996 | Tomb:1   | Noticed a greater mummy
 73000 | Tomb:1   | Noticed a greater mummy
 73003 | Tomb:1   | Killed a greater mummy
 73003 | Tomb:1   | Killed a greater mummy
 73014 | Tomb:1   | Killed a greater mummy
 73018 | Tomb:1   | Killed a greater mummy
 73160 | Tomb:1   | Noticed a greater mummy
 73165 | Tomb:1   | Noticed a greater mummy
 73172 | Tomb:1   | Killed a greater mummy
 73176 | Tomb:1   | Killed a greater mummy
 73202 | Tomb:1   | Noticed a greater mummy
 73204 | Tomb:1   | Noticed a greater mummy
 73207 | Tomb:1   | Noticed a greater mummy
 73213 | Tomb:1   | Killed a greater mummy
 73216 | Tomb:1   | Noticed a greater mummy
 73218 | Tomb:1   | Killed a greater mummy
 73221 | Tomb:1   | Killed a greater mummy
 73230 | Tomb:1   | Killed a greater mummy
 73282 | Tomb:1   | Noticed a greater mummy
 73283 | Tomb:1   | Noticed a greater mummy
 73283 | Tomb:1   | Noticed a greater mummy
 73283 | Tomb:1   | Noticed a greater mummy
 73283 | Tomb:1   | Noticed a greater mummy
 73287 | Tomb:1   | Noticed a greater mummy
 73290 | Tomb:1   | Noticed a greater mummy
 73290 | Tomb:1   | Noticed a greater mummy
 73297 | Tomb:1   | Killed a greater mummy
 73301 | Tomb:1   | Killed a greater mummy
 73301 | Tomb:1   | Reached skill level 14 in Earth Magic
 73306 | Tomb:1   | Noticed a greater mummy
 73306 | Tomb:1   | Killed a greater mummy
 73315 | Tomb:1   | Killed a greater mummy
 73494 | Tomb:1   | Killed a greater mummy
 73514 | Tomb:1   | Killed a greater mummy
 73536 | Tomb:1   | Killed a greater mummy
 73628 | Tomb:1   | Noticed a greater mummy
 73631 | Tomb:1   | Noticed a greater mummy
 73633 | Tomb:1   | Noticed a greater mummy
 73633 | Tomb:1   | Killed a greater mummy
 73635 | Tomb:1   | Killed a greater mummy
 73635 | Tomb:1   | Reached skill level 10 in Charms
 73635 | Tomb:1   | Reached skill level 10 in Summonings
 73644 | Tomb:1   | Killed a greater mummy
 73659 | Tomb:1   | Killed a greater mummy
 73687 | Tomb:1   | Killed a greater mummy
 74360 | Depths:1 | Learned a level 4 spell: Animate Dead
 74364 | Depths:1 | Learned a level 2 spell: Shroud of Golubria
 77074 | Depths:4 | Voluntarily entered the Abyss.
 77127 | Abyss:1  | Reached skill level 1 in Translocations
 77229 | Abyss:1  | Reached skill level 15 in Fighting
 77427 | Depths:4 | Escaped the Abyss
 77438 | Depths:4 | Bought a pair of spiked boots for 446 gold pieces
 77438 | Depths:4 | Bought an embroidered cloak for 352 gold pieces
 77438 | Depths:4 | Bought the +2 shield of Resistance {rF+ rC+ MR+} for 1931 gold pieces
 77438 | Depths:4 | Found the +2 shield of Resistance {rF+ rC+ MR+}
 77470 | Depths:4 | Identified the +2 pair of boots of Befih {rCorr Int+4 Dex+8 Stlth-} (You bought it in a shop on level 4 of the Depths)
 77597 | Depths:4 | Voluntarily entered the Abyss.
 77949 | Abyss:1  | Reached skill level 15 in Earth Magic
 78452 | Abyss:1  | Got a polished ring mail
 79194 | Abyss:1  | Found a corrupted altar of Lugonu.
 79256 | Abyss:1  | Found a corrupted altar of Lugonu.
 79740 | Abyss:1  | Found a corrupted altar of Lugonu.
 80214 | Abyss:2  | Got a polished halberd
 80289 | Abyss:2  | Identified the +8 halberd of the Heavens {drain, rN++ Int+4 Stlth-} (You found it on level 2 of the Abyss)
 80291 | Abyss:2  | Identified the +0 ring mail of the Hanged Man {rN+ Dex+4 Slay+3} (You found it on level 1 of the Abyss)
 80460 | Depths:4 | Escaped the Abyss
 80557 | Depths:4 | Voluntarily entered the Abyss.
 81413 | Abyss:2  | Found a corrupted altar of Lugonu.
 81413 | Abyss:2  | Found a corrupted altar of Lugonu.
 81490 | Abyss:2  | Found a corrupted altar of Lugonu.
 81661 | Abyss:2  | Found a corrupted altar of Lugonu.
 81661 | Abyss:2  | Found a corrupted altar of Lugonu.
 81907 | Abyss:2  | Reached skill level 5 in Translocations
 81956 | Abyss:2  | Found a corrupted altar of Lugonu.
 81956 | Abyss:2  | Found a corrupted altar of Lugonu.
 82023 | Abyss:3  | Reached skill level 16 in Earth Magic
 82122 | Depths:4 | Escaped the Abyss
 82134 | Depths:4 | Bought a crude leather armour for 161 gold pieces
 82134 | Depths:4 | Bought the +3 warlock's mirror {reflect} for 920 gold pieces
 82134 | Depths:4 | Found the +3 warlock's mirror {reflect}
 82134 | Depths:4 | Bought a warped plate armour for 644 gold pieces
 82144 | Depths:4 | Identified the +3 leather armour "Imuwnay" {rN+++ rCorr Str-3 Stlth-} (You bought it in a shop on level 4 of the Depths)
 82154 | Depths:4 | Identified the +5 plate armour of the Accordion {MR+} (You bought it in a shop on level 4 of the Depths)
 82258 | Depths:4 | Voluntarily entered the Abyss.
 82843 | Abyss:1  | Noticed an ancient lich
 82850 | Abyss:1  | Killed an ancient lich
 83113 | Abyss:2  | Found a corrupted altar of Lugonu.
 83566 | Abyss:4  | Found a corrupted altar of Lugonu.
 83651 | Abyss:4  | Found a corrupted altar of Lugonu.
 83701 | Abyss:4  | Got an abyssal rune of Zot
 83888 | Abyss:4  | Reached skill level 17 in Earth Magic
 84333 | Abyss:4  | Reached skill level 15 in Evocations
 84667 | Abyss:4  | Reached skill level 18 in Earth Magic
 85399 | Abyss:4  | Reached skill level 19 in Earth Magic
 85448 | Abyss:4  | HP: 6/214 [starcursed mass/accursed screaming (16)]
 85543 | Depths:4 | Escaped the Abyss
 85554 | Depths:4 | Bought an ichor-stained hunting sling for 162 gold pieces
 85592 | Depths:4 | Identified the cursed +1 hunting sling "Galo" {venom, rC+ rN+ MR- Int+3} (You bought it in a shop on level 4 of the Depths)
 85673 | Zot:1    | Entered Level 1 of the Realm of Zot
 85999 | Zot:1    | Reached skill level 20 in Earth Magic
 86317 | Zot:1    | Noticed Tiamat
 86346 | Zot:1    | Killed Tiamat
 87249 | Zot:2    | Reached skill level 21 in Earth Magic
 87826 | Zot:3    | Reached skill level 22 in Earth Magic
 88363 | Zot:3    | Reached skill level 23 in Earth Magic
 89239 | Zot:4    | Reached skill level 24 in Earth Magic
 89369 | Zot:4    | Noticed an orb of fire
 89390 | Zot:4    | Killed an orb of fire
 89653 | Zot:4    | Found a transporter.
 90143 | Zot:4    | Got a brightly glowing lapis lazuli ring
 90188 | Zot:4    | Found a transporter.
 90222 | Zot:4    | Reached skill level 25 in Earth Magic
 90311 | Zot:4    | Identified the ring of Gozag's Benevolence {rF+ Str+5} (You found it on level 4 of the Realm of Zot)
 90385 | Zot:5    | Entered Level 5 of the Realm of Zot
 90575 | Zot:5    | Noticed Fymir27's ghost (legendary MiBe)
 90615 | Zot:5    | Killed Fymir27's ghost
 90962 | Zot:5    | Noticed an ancient lich
 90976 | Zot:5    | Killed an ancient lich
 90976 | Zot:5    | Reached skill level 26 in Earth Magic
 91000 | Zot:5    | Noticed an ancient lich
 91005 | Zot:5    | Killed an ancient lich
 91135 | Zot:5    | Noticed an ancient lich
 91161 | Zot:5    | Killed an ancient lich
 91171 | Zot:5    | Noticed an ancient lich
 91179 | Zot:5    | Killed an ancient lich
 91179 | Zot:5    | Reached skill level 27 in Earth Magic
 91267 | Zot:5    | Noticed an orb of fire
 91481 | Zot:5    | Killed an orb of fire
 91858 | Depths:4 | Learned a level 9 spell: Shatter
 92322 | Tomb:2   | Noticed a greater mummy
 92322 | Tomb:2   | Noticed a greater mummy
 92323 | Tomb:2   | Noticed a greater mummy
 92324 | Tomb:2   | Noticed a greater mummy
 92325 | Tomb:2   | Noticed a greater mummy
 92328 | Tomb:2   | Killed a greater mummy
 92328 | Tomb:2   | Killed a greater mummy
 92329 | Tomb:2   | Killed a greater mummy
 92335 | Tomb:2   | Killed a greater mummy
 92341 | Tomb:2   | Killed a greater mummy
 93091 | Tomb:3   | Entered Level 3 of the Tomb of the Ancients
 93126 | Tomb:3   | Noticed Snarbu88's ghost (legendary GrFi)
 93140 | Tomb:3   | Noticed a greater mummy
 93144 | Tomb:3   | Noticed Boris
 93153 | Tomb:3   | Noticed a greater mummy
 93155 | Tomb:3   | Noticed a greater mummy
 93237 | Tomb:3   | Noticed a greater mummy
 93240 | Tomb:3   | Killed a greater mummy
 93241 | Tomb:3   | Noticed Khufu
 93241 | Tomb:3   | Killed Boris
 93242 | Tomb:3   | Killed a greater mummy
 93245 | Tomb:3   | Noticed a greater mummy
 93246 | Tomb:3   | Noticed a greater mummy
 93247 | Tomb:3   | Killed a greater mummy
 93247 | Tomb:3   | Killed Khufu
 93249 | Tomb:3   | Found the +4 Vampire's Tooth {vamp}
 93249 | Tomb:3   | Noticed a greater mummy
 93249 | Tomb:3   | Noticed a greater mummy
 93270 | Tomb:2   | Killed a greater mummy
 93356 | Tomb:3   | Killed a greater mummy
 93357 | Tomb:3   | Killed a greater mummy
 93358 | Tomb:3   | Killed a greater mummy
 93358 | Tomb:3   | Killed a greater mummy
 93518 | Tomb:3   | Killed Snarbu88's ghost
 93518 | Tomb:3   | Reached skill level 10 in Air Magic
 93638 | Tomb:3   | Got a faintly glowing platinum ring
 93642 | Tomb:3   | Got a warped trident
 93662 | Tomb:3   | Got a bound turquoise ring
 93885 | Tomb:3   | Got a smoking amber ring
 93907 | Tomb:3   | Got a slimy robe
 94032 | Tomb:3   | Got a golden rune of Zot
 94120 | Tomb:3   | Got an ancient amber ring
 94140 | Tomb:3   | Identified the Handbook of the Captivating Glacier
 94158 | Tomb:3   | Got a steaming dagger
 94261 | Tomb:3   | Identified the +8 trident "Yllea" {flame, Int+4} (You found it on level 3 of the Tomb of the Ancients)
 94266 | Tomb:3   | Identified the +1 dagger "Coikom" {holy, rElec rPois rF- Dex+4} (You found it on level 3 of the Tomb of the Ancients)
 94283 | Tomb:3   | Identified the +0 robe of Exclusion {Regen+} (You found it on level 3 of the Tomb of the Ancients)
 94299 | Tomb:3   | Identified the cursed ring "Yppijim" {*Drain rPois MP+9 EV-2 Int+3} (You found it on level 3 of the Tomb of the Ancients)
 94301 | Tomb:3   | Identified the ring "Cuakeij" {rCorr +Blink} (You found it on level 3 of the Tomb of the Ancients)
 94303 | Tomb:3   | Identified the ring "Wellot" {MR+ Dex+2} (You found it on level 3 of the Tomb of the Ancients)
 94305 | Tomb:3   | Identified the ring "Ereireke" {MR+ Int+2 Dex+5} (You found it on level 3 of the Tomb of the Ancients)
 95059 | Lair:1   | You fall through a shaft!
 95062 | Lair:2   | You fall through a shaft!
 95065 | Lair:3   | You fall through a shaft for 3 floors!
 95096 | Slime:1  | Entered Level 1 of the Pits of Slime
 96555 | Slime:1  | You fall through a shaft!
 97794 | Slime:5  | Entered Level 5 of the Pits of Slime
 97846 | Slime:5  | Noticed the Royal Jelly
 98260 | Slime:5  | Found a viscous altar of Jiyva.
 98263 | Slime:5  | Got a slimy rune of Zot
 98683 | Slime:5  | Got a smoking ivory amulet
 98695 | Slime:5  | Got a brightly glowing turquoise ring
 98714 | Slime:5  | Identified the amulet "Gyesoaw" {Gourm rPois rC- Int+4} (You found it on level 5 of the Pits of Slime)
 98715 | Slime:5  | Identified the ring "Beus" {*Slow rPois rN+ Stlth-} (You found it on level 5 of the Pits of Slime)
 98805 | Slime:4  | HP: 6/214 [acid[the Royal Jelly] (6)]
 98811 | Slime:4  | HP: 7/214 [acid blob/splash of acid[the Royal Jelly] (6)]
 98811 | Slime:4  | HP: 3/214 [acid[the Royal Jelly] (4)]
100154 | Slime:5  | HP: 6/214 [acid[the Royal Jelly] (8)]
100155 | Slime:5  | HP: 2/214 [acid[the Royal Jelly] (6)]
100157 | Slime:5  | Splashed by an acid blob's acid

Skill      XL: |  1  2  3  4  5  6  7  8  9 10 11 12 13 14 15 16 17 18 19 20 21 22 23 24 25 26 27 |
---------------+----------------------------------------------------------------------------------+-----
Conjurations   | 1 2 3 4 5 6 7 |  7.0
Fighting       | 1 2 3 4 5 6 7 8 9 10 17 | 17.0
Dodging        | 2 3 4 5 6 7 |  7.0
Armour         | 1 2 3 4 5 6 7 8 9 |  9.0
Stealth        | 3 4 5 6 7 8 10 11 12 | 12.0
Evocations     | 2 3 4 5 6 7 8 9 10 22 | 22.3
Poison Magic   | 3 4 5 7 10 11 12 13 | 13.0
Hexes          | 2 3 4 8 9 10 11 12 13 | 13.0
Air Magic      | 1 2 3 4 5 6 11 | 11.3
Slings         | 1 2 |  2.0
Spellcasting   | 4 5 6 7 10 11 12 13 14 21 | 21.1
Polearms       | 1 2 3 4 5 6 7 8 12 15 16 | 16.0
Shields        | 1 3 5 7 9 10 15 16 | 16.0
Necromancy     | 4 8 10 11 12 13 14 15 16 18 | 18.0
Earth Magic    | 5 9 12 13 27 | 27.0
Charms         | 2 3 4 5 6 7 8 12 | 12.0
Summonings     | 5 8 12 | 12.0
Transmutations | 1 7 12 15 16 18 19 | 19.0
Ice Magic      | 11 12 | 12.0
Translocations | 8 |  8.0

Action                   |  1- 3 |  4- 6 |  7- 9 | 10-12 | 13-15 | 16-18 | 19-21 | 22-24 | 25-27 || total
-------------------------+-------+-------+-------+-------+-------+-------+-------+-------+-------++-------
Melee: Club              |    18 |       |       |       |       |       |       |       |       ||    18
       Flail             |       |     6 |     4 |       |       |       |       |       |       ||    10
       Hunting sling     |       |       |     1 |       |       |       |       |       |       ||     1
       Spear             |       |       |    26 |   653 |   964 |   353 |       |       |       ||  1996
       Scimitar          |       |       |       |    14 |    23 |    28 |    11 |       |       ||    76
       Trident           |       |       |       |       |   102 |       |       |       |       ||   102
       Staff             |       |       |       |       |     9 |       |       |       |    26 ||    35
       Demon trident     |       |       |       |       |       |   343 |   363 |       |       ||   706
       Halberd           |       |       |       |       |       |       |    52 |   689 |  3035 ||  3776
       Hand axe          |       |       |       |       |       |       |     2 |    44 |   629 ||   675
 Fire: Hunting sling     |     8 |   187 |   374 |   192 |       |       |       |       |       ||   761
Throw: Stone             |       |       |       |       |     5 |     3 |     5 |       |       ||    13
       Throwing net      |       |       |       |       |       |     1 |       |       |       ||     1
       Tomahawk          |       |       |       |       |       |     1 |       |       |       ||     1
 Cast: Magic Dart        |    90 |   131 |   105 |   159 |     3 |     4 |       |       |       ||   492
       Mephitic Cloud    |     1 |     6 |    41 |    79 |    57 |    11 |    14 |     2 |     1 ||   212
       Slow              |       |       |     8 |    63 |    49 |     7 |     2 |       |       ||   129
       Venom Bolt        |       |       |       |     3 |       |     2 |    10 |       |       ||    15
       Spectral Weapon   |       |       |       |       |   121 |   118 |    83 |   102 |   448 ||   872
       Regeneration      |       |       |       |       |    87 |   128 |    88 |    77 |    46 ||   426
       Borgnjor's Vile C |       |       |       |       |    71 |   219 |   245 |   188 |   636 ||  1359
       Sublimation of Bl |       |       |       |       |    18 |    69 |    94 |    29 |    31 ||   241
       Confuse           |       |       |       |       |     3 |    32 |     2 |     2 |     4 ||    43
       Summon Mana Viper |       |       |       |       |       |     2 |       |       |    50 ||    52
       Aura of Abjuratio |       |       |       |       |       |       |     3 |     2 |    33 ||    38
       Necromutation     |       |       |       |       |       |       |       |       |   425 ||   425
       Dispel Undead     |       |       |       |       |       |       |       |       |    51 ||    51
       Ozocubu's Armour  |       |       |       |       |       |       |       |       |   252 ||   252
       Shroud of Golubri |       |       |       |       |       |       |       |       |   177 ||   177
       Shatter           |       |       |       |       |       |       |       |       |   123 ||   123
       Lee's Rapid Decon |       |       |       |       |       |       |       |       |    60 ||    60
       Swiftness         |       |       |       |       |       |       |       |       |     1 ||     1
       Silence           |       |       |       |       |       |       |       |       |     1 ||     1
Invok: Divine Energy     |       |       |       |     1 |       |       |       |       |       ||     1
       Forget Spell      |       |       |       |       |       |       |       |       |     4 ||     4
       Renounce Religion |       |       |       |       |       |       |       |       |     1 ||     1
       Potion Petition   |       |       |       |       |       |       |       |       |    28 ||    28
       Call Merchant     |       |       |       |       |       |       |       |       |     5 ||     5
 Abil: Dig               |       |     1 |     7 |    34 |    33 |    72 |     8 |     6 |   264 ||   425
       Evoke Flight      |       |       |       |       |       |    23 |       |       |     1 ||    24
       Stop Flying       |       |       |       |       |       |     5 |       |       |       ||     5
       Shaft Self        |       |       |       |       |       |       |       |       |     8 ||     8
Evoke: Wand              |       |       |     1 |     4 |    16 |     1 |       |       |     2 ||    24
       Lightning rod     |       |       |       |       |       |       |       |     4 |     4 ||     8
       Lamp of fire      |       |       |       |       |       |       |       |     1 |     5 ||     6
       Staff of energy   |       |       |       |       |       |       |       |       |   837 ||   837
       Phial of floods   |       |       |       |       |       |       |       |       |     3 ||     3
  Use: Scroll            |       |       |       |     5 |     4 |    26 |     5 |    11 |    31 ||    82
       Potion            |       |       |       |       |     3 |     1 |       |       |     4 ||     8
 Stab: Sleeping          |       |     1 |       |     5 |     5 |     8 |     6 |    24 |     7 ||    56
       Confused          |       |       |     3 |    41 |    18 |     7 |     4 |     3 |     1 ||    77
       Distracted        |       |       |       |     1 |     8 |     7 |       |    11 |    85 ||   112
       Invisible         |       |       |       |       |     2 |       |       |       |    10 ||    12
       Petrified         |       |       |       |       |       |       |       |       |     1 ||     1
  Eat: Chunk             |     4 |    12 |    19 |    23 |    56 |    77 |    34 |    36 |    18 ||   279
       Ration            |       |       |       |     3 |     4 |     2 |     3 |       |     2 ||    14
Armor: Robe              |    14 |    11 |     5 |       |       |       |       |       |       ||    30
       Leather armour    |       |       |    37 |    27 |       |       |       |       |       ||    64
       Ring mail         |       |       |     7 |   132 |   331 |    68 |       |       |       ||   538
       Troll leather arm |       |       |       |       |       |   173 |    85 |    88 |  1277 ||  1623
Dodge: Dodged            |    40 |    76 |   122 |   249 |   310 |   296 |   117 |   157 |  1245 ||  2612
Block: Buckler           |       |       |       |    75 |   169 |    62 |       |       |       ||   306
       Shield            |       |       |       |       |       |   199 |    85 |       |  1426 ||  1710
       Large shield      |       |       |       |       |       |       |   165 |   490 |   787 ||  1442
       Rpst.: Scimitar   |       |       |       |     1 |       |     8 |     1 |       |       ||    10
